 Dungeon Crawl Stone Soup version 0.28-a0-834-g1a73be5ee4 (webtiles) character file.

Game seed: 16389939760778215470

0 Gargoyl the Skirmisher (level 1, -8/23 HPs)
             Began as a Gnoll Abyssal Knight on Nov 11, 2021.
             Was a Follower of Lugonu.
             Mangled by a tentacled starspawn (16 damage)
             ... on level 1 of the Abyss.
             The game lasted 00:00:16 (64 turns).

Gargoyl the Skirmisher (Gnoll Abyssal Knight)         Turns: 64, Time: 00:00:18

Health: -8/23      AC:  3    Str: 12    XL:     1   Next: 0%
Magic:  2/2        EV: 17    Int:  9    God:    Lugonu [*.....]
Gold:   0          SH:  0    Dex: 12    Spells: 0/0 levels left

rFire   . . .      SeeInvis .   a - +1 hand axe
rCold   . . .      Faith    .   (no shield)
rNeg    . . .      Spirit   .   b - +0 leather armour
rPois   .          Reflect  .   (no helmet)
rElec   .          Harm     .   (no cloak)
rCorr   .          Rampage  .   (no gloves)
Will    .....                   (no boots)
Stlth   +.........              (no amulet)
HPRegen 0.07/turn               (no ring)
MPRegen 0.08/turn               (no ring)

@: confused, agile, hasted, very quick
A: fangs 1, strong nose, distributed training, [low mp 2]
a: Renounce Religion, Depart the Abyss


You were on level 1 of the Abyss.
You worshipped Lugonu.
Lugonu was aware of your devotion.
You visited 0 branches of the dungeon, and saw 0 of its levels.
You visited the Abyss 1 time.

Inventory:

Hand Weapons
 a - a +1 hand axe (weapon)
Armour
 b - a +0 leather armour (worn)
Potions
 c - a potion of magic


   Skills:
 + Level 6.4 Fighting
 + Level 0.0 Short Blades
 + Level 0.0 Long Blades
 + Level 4.4 Axes
 + Level 0.0 Maces & Flails
 + Level 0.0 Polearms
 + Level 0.0 Staves
 + Level 0.0 Slings
 + Level 0.0 Bows
 + Level 0.0 Crossbows
 + Level 0.0 Throwing
 + Level 4.4 Armour
 + Level 2.3 Dodging
 + Level 0.0 Stealth
 + Level 0.0 Shields
 + Level 0.0 Unarmed Combat
 + Level 0.0 Spellcasting
 + Level 0.0 Conjurations
 + Level 0.0 Hexes
 + Level 0.0 Summonings
 + Level 0.0 Necromancy
 + Level 0.0 Translocations
 + Level 0.0 Transmutations
 + Level 0.0 Fire Magic
 + Level 0.0 Ice Magic
 + Level 0.0 Air Magic
 + Level 0.0 Earth Magic
 + Level 0.0 Poison Magic
 + Level 4.4 Invocations
 + Level 0.0 Evocations


You couldn't memorise any spells.
You didn't know any spells.
Your spell library was empty.

Dungeon Overview and Level Annotations

Branches:
Dungeon (0/15)

Altars:


Innate Abilities, Weirdness & Mutations

You have very sharp teeth.
Your uncanny sense of smell can sniff out nearby items.
Your experience applies equally to all skills.
[Your magical capacity is very low. (-20% MP)]


Message History

It is a scroll of identify.
c - a potion of magic An apocalypse crab comes into view.
Tentacles burst from the starspawn's body! 2 starspawn tentacles come into view.
A ynoxinul comes into view.
The starspawn tentacle grabs you. The starspawn tentacle constricts you.
You escape the starspawn tentacle's grasp.
The starspawn tentacle grabs you. The starspawn tentacle constricts you.
You escape the starspawn tentacle's grasp.
The apocalypse crab breathes chaos at you.
The blast of chaos engulfs you!
You are confused.
You're too confused to move!
You are engulfed in seething chaos.
The apocalypse crab breathes chaos at you.
The blast of chaos engulfs you!
You feel agile all of a sudden.
The starspawn tentacle is engulfed in seething chaos.
The starspawn tentacle grabs you. The starspawn tentacle constricts you.
The starspawn tentacle is engulfed in seething chaos.
The starspawn tentacle suddenly stops moving!
You escape the starspawn tentacle's grasp.
You are engulfed in seething chaos.
You feel yourself speed up.
A wretched star comes into view.
The starspawn tentacle is engulfed in seething chaos.
The starspawn tentacle closely misses you.
The tentacled starspawn bites you. The tentacled starspawn misses you.
Unknown command.
The ynoxinul gestures.
The wretched star pulses with an eldritch light!
You feel less energetic. x2
A tentacle flies out from the starspawn's body!
A starspawn tentacle comes into view.
You hit the tentacled starspawn but do no damage.
You hit the starspawn tentacle but do no damage.
The starspawn tentacle misses you.
The tentacled starspawn bites you but does no damage.
The tentacled starspawn tentacle-slaps you!
Ouch! That really hurt!
You die...

#...##.≈ ≈.
##.....≈≈ ≈#
...#.≈≈≈ ≈# ..
#..#≈≈ ≈# .
.#≈.≈≈5##.#
#.≈.≈≈≈.#.#
#.≈#│...3.#
.#≈≈≈≈##.#w###
..≈≈≈.
≈≈≈≈...tX@.# ≈≈≈
≈≈≈≈≈≈...w###...#
≈≈ ≈≈≈≈≈≈#.*..#
..##
#.≈≈≈≈≈≈≈..#...##
.## #≈ .
≈≈...#...#.# ## ≈
.≈♣#..##. #.# . ≈
.....# ...#/.
#..# ≈≈..........
.... .. ≈ ... .
..#.# .. .


You could see a tentacled starspawn, a wretched star, an apocalypse crab, a
ynoxinul, 2 starspawn tentacles and an ufetubus (summoned).

Vanquished Creatures (others)
  4 starspawn tentacles (Abyss:1)
4 creatures vanquished.

Notes
Turn   | Place    | Note
-------+----------+-------------------------------------------
     0 | Abyss:1  | Gargoyl the Gnoll Abyssal Knight began the quest for the
                  | Orb.
     0 | Abyss:1  | Reached XP level 1. HP: 23/23 MP: 3/3
    40 | Abyss:1  | Noticed a tentacled starspawn
    52 | Abyss:1  | Noticed an apocalypse crab
    55 | Abyss:1  | Noticed a ynoxinul
    59 | Abyss:1  | Noticed a wretched star
    64 | Abyss:1  | Mangled by a tentacled starspawn

Illustrated notes

Levels and vault maps discovered:
Abyss:1:  base: Temple, base:
Temple

Action                   || total
-------------------------++-------
Melee: Hand axe          ||     1
  Use: Scroll            ||     1
Armor: Leather armour    ||     1
Dodge: Dodged            ||     5

Table legend: (Time is in decaauts)
 A = Elapsed time spent in this place.
 B = Non-inter-level travel time spent in this place.
 C = Inter-level travel time spent in this place.
 D = Time resting spent in this place.
 E = Time spent auto-exploring this place.
 F = Levels seen in this place.
 G = Mean time per level.
                   A        B        C        D        E       F      G
               +--------+--------+--------+--------+--------+-----+--------+
         Total |     64 |     64 |      0 |      0 |     39 |   1 |   64.0 |
         Abyss |     64 |     64 |      0 |      0 |     39 |   1 |   64.0 |
               +--------+--------+--------+--------+--------+-----+--------+

Top non-repeatable levels by time:
 Abyss:1: 64 daAuts
